Map: [ESL] Stargazers

Players

Cham - Winner!

  • Race: Zerg Zerg
  • Spawn Location: 1:00

SpeCial

  • Race: Terran Terran
  • Spawn Location: 11:00

Event: DreamHack SC2 Masters 2022 Atlanta (Online)

VOD

Have the link to the VOD?

Description

Time

  • Played on: Oct. 2, 2022, 5:50 p.m.
  • Length: 11:22

All games in this series

Show
View Real Time Build Order
Export as new Build Order

Cham Zerg - Winner!

Build Orders: Hatch First 

Get SALT Encoding   

  12  0:00  Drone  
  13  0:07  Drone  
  14  0:17  Overlord  
  14  0:35  Drone x2  
  16  0:47  Hatchery  
  15  0:51  Drone  
  16  1:03  Extractor  
  15  1:08  Spawning Pool  
  15  1:11  Drone  
  15  1:15  Drone  
  16  1:18  Drone  
  16  1:22  Drone  
  18  1:33  Drone  
  19  1:46  Drone  
  20  1:55  Queen  
  20  1:59  Queen  
  20  2:00  Zergling x4  
  26  2:03  Metabolic Boost  
  26  2:08  Zergling x2  
  26  2:11  Zergling x2  
  28  2:17  Overlord  
  28  2:34  Queen  
  30  2:40  Zergling x2  
  30  2:41  Drone  
  30  2:42  Drone x2  
  34  2:47  Drone  
  34  2:52  Overlord  
  34  2:58  Drone  
  34  3:00  Overlord  
  35  3:06  Overlord  
  35  3:14  Zergling x6  
  35  3:19  Drone x3  
  41  3:20  Drone  
  42  3:30  Drone x2  
  44  3:40  Drone  
  44  3:41  Drone  
  46  3:44  Drone  
  46  3:46  Drone, Hatchery  
  48  3:48  Drone  
  48  3:52  Drone x3  
  51  4:03  Overlord x2  
  51  4:05  Drone  
  51  4:06  Drone  
  53  4:11  Queen  
  53  4:14  Pneumatized Carapace  
  55  4:20  Drone  
  56  4:25  Drone x2  
  56  4:26  Drone x2  
  56  4:30  Overlord  
  60  4:36  Drone x2  
  60  4:37  Drone, Roach Warren  
  62  4:44  Zergling x2  
  62  4:47  Queen  
  62  4:48  Overlord  
  62  4:49  Drone x4  
  68  4:55  Spore Crawler, Extractor  
  68  4:56  Spore Crawler  
  68  4:57  Drone x2  
  66  5:03  Drone  
  66  5:06  Drone x2  
  69  5:10  Spore Crawler  
  69  5:11  Drone x3  
  71  5:20  Zergling x2  
  71  5:21  Zergling x2, Roach  
  75  5:22  Drone  
  75  5:23  Drone  
  75  5:27  Overlord  
  75  5:28  Lair, Drone x2  
  79  5:31  Drone  
  79  5:32  Drone x3  
  79  5:33  Evolution Chamber  
  79  5:34  Drone, Evolution Chamber  
  82  5:37  Roach  
  82  5:42  Extractor x2  
  82  5:48  Hatchery, Extractor x2  
  83  5:50  Roach x3  
  83  5:52  Roach  
  87  5:58  Roach x2  
  87  6:03  Drone  
  87  6:04  Drone  
  93  6:05  Overlord  
  93  6:06  Drone x2, Roach x2  
  93  6:11  Zerg Ground Armor Level 1  
  99  6:13  Drone x2  
  99  6:14  Drone  
  99  6:16  Drone  
  103  6:20  Drone, Overlord  
  102  6:25  Queen x2  
  101  6:33  Roach  
  101  6:34  Drone x2  
  101  6:35  Drone  
  101  6:39  Drone  
  107  6:40  Spire, Overlord  
  107  6:45  Drone x2  
  107  6:50  Hatchery  
  107  6:51  Roach x2, Overlord x2  
  107  6:52  Drone  
  107  6:53  Glial Reconstitution  
  110  6:56  Zergling x4  
  110  6:58  Zergling x2  
  113  7:04  Drone x2  
  113  7:07  Overlord  
  113  7:09  Extractor  
  113  7:11  Extractor  
  111  7:15  Overlord  
  111  7:16  Drone  
  111  7:20  Drone  
  113  7:25  Drone x2  
  113  7:34  Roach  
  113  7:35  Drone, Overlord x2  
  113  7:36  Drone, Roach x2  
  112  7:39  Queen  
  112  7:42  Roach x5  
  112  7:43  Overlord  
  114  7:49  Overlord  
  114  7:53  Corruptor x2  
  114  7:57  Zerg Flyer Weapons Level 1  
  114  7:58  Corruptor, Zerg Missile Weapons Level 1  
  118  8:00  Corruptor  
  118  8:02  Corruptor  
  124  8:07  Corruptor x2  
  124  8:09  Corruptor  
  130  8:12  Hatchery  
  130  8:16  Corruptor x2  
  130  8:19  Corruptor  
  135  8:21  Overlord  
  135  8:23  Roach  
  135  8:24  Roach  
  135  8:25  Roach  
  135  8:26  Roach  
  143  8:30  Zerg Ground Armor Level 2  
  143  8:33  Overlord  
  143  8:34  Roach  
  143  8:38  Corruptor  
  143  8:39  Roach  
  143  8:41  Roach  
  151  8:43  Roach x2  
  151  8:46  Roach  
  157  8:52  Overlord  
  157  8:53  Roach x2  
  157  8:54  Overseer  
  161  8:58  Corruptor x2  
  161  8:59  Roach x2  
  161  9:01  Roach  
  169  9:04  Overlord  
  169  9:05  Roach  
  169  9:07  Corruptor  
  169  9:09  Corruptor  
  171  9:15  Zergling x10  
  171  9:16  Zergling x2  
  179  9:18  Zergling x4  
  179  9:20  Ravager x4  
  185  9:26  Zergling x12  
  185  9:27  Ravager  
  185  9:28  Ravager  
  185  9:29  Zergling x2  
  194  9:34  Zergling x6  
  194  9:35  Zergling x2  
  198  9:43  Roach  
  175  9:54  Corruptor x2, Roach  
  175  9:57  Corruptor x4  
  180  10:04  Corruptor  
  180  10:05  Corruptor  
  179  10:10  Corruptor  
  167  10:17  Corruptor  
  167  10:18  Zergling x26  
  176  10:26  Corruptor x2  
  172  10:28  Corruptor  
  172  10:30  Zergling x6  
  166  10:39  Corruptor x2  
  166  10:40  Zergling x8  
  174  10:49  Ravager  
  175  10:50  Ravager  
  175  10:51  Ravager  
  175  10:52  Zergling x4, Roach x2  
  177  11:02  Roach x2  
Show
View Real Time Build Order
Export as new Build Order

SpeCial Terran 

Build Orders: Mech 

Get SALT Encoding   

  12  0:00  SCV  
  13  0:12  SCV  
  14  0:17  Supply Depot  
  14  0:24  SCV  
  15  0:39  SCV, Barracks  
  16  0:43  Refinery  
  16  0:51  SCV  
  17  1:00  Barracks  
  17  1:03  SCV  
  18  1:15  SCV  
  19  1:26  Reaper  
  19  1:27  Orbital Command  
  20  1:47  Reaper  
  21  1:49  Supply Depot  
  21  1:53  SCV  
  22  2:02  Reaper  
  23  2:10  SCV  
  23  2:13  Command Center  
  24  2:18  Marine  
  25  2:23  SCV  
  25  2:26  Refinery  
  26  2:35  SCV  
  27  2:42  Factory, Marine x2  
  29  2:47  SCV  
  30  2:59  SCV  
  30  3:01  Barracks Reactor  
  31  3:20  Command Center  
  31  3:24  SCV  
  32  3:30  Orbital Command  
  32  3:33  Starport  
  31  3:37  SCV  
  31  3:38  Bunker  
  30  3:45  Hellion x2  
  34  3:49  SCV  
  34  3:52  Marine  
  36  3:55  SCV  
  36  3:57  Marine  
  36  4:01  SCV  
  39  4:06  Hellion  
  39  4:07  Bunker  
  39  4:08  Hellion  
  43  4:10  Starport Tech Lab  
  43  4:13  SCV  
  44  4:22  Fusion Core  
  44  4:23  SCV  
  45  4:25  SCV  
  46  4:32  Hellion x2  
  46  4:35  SCV  
  55  4:39  Orbital Command  
  55  4:41  SCV  
  55  4:48  SCV  
  56  4:53  SCV, Orbital Command  
  56  4:54  Supply Depot, Hellion  
  61  5:01  SCV  
  59  5:09  Refinery x2  
  59  5:14  Supply Depot  
  59  5:16  Battlecruiser  
  59  5:18  SCV x2  
  65  5:26  Supply Depot x2, Hellion x2  
  72  5:35  SCV x3  
  72  5:43  Supply Depot  
  72  5:47  Hellion x2, SCV  
  72  5:48  SCV  
  78  5:50  Factory  
  78  5:52  SCV, Factory  
  79  6:00  SCV x2  
  79  6:04  SCV  
  82  6:08  Hellion x2  
  86  6:12  SCV x2  
  86  6:16  SCV  
  89  6:24  SCV x2  
  89  6:27  Battlecruiser  
  89  6:31  Hellion x2, SCV  
  83  6:36  SCV x2  
  83  6:38  Factory Tech Lab  
  76  6:43  SCV  
  70  6:48  SCV x2  
  70  6:50  Factory Tech Lab  
  72  6:55  SCV  
  72  6:56  Hellion  
  72  6:58  Siege Tank  
  72  7:00  SCV x2, Hellion  
  82  7:08  SCV  
  83  7:09  Siege Tank  
  83  7:11  Refinery x2  
  83  7:12  SCV x2  
  83  7:13  Weapon Refit  
  88  7:20  SCV  
  87  7:24  SCV  
  87  7:26  SCV  
  87  7:29  Factory Reactor  
  78  7:32  SCV, Battlecruiser  
  78  7:34  Engineering Bay  
  78  7:36  SCV  
  83  7:38  SCV  
  83  7:39  Siege Tank  
  85  7:44  SCV  
  85  7:53  Supply Depot, SCV x2  
  85  7:56  SCV  
  88  8:00  Siege Tank  
  88  8:02  Missile Turret  
  93  8:05  SCV x2  
  93  8:06  Command Center  
  93  8:14  Armory  
  93  8:15  SCV, Armory, Siege Tank, Hellion x2  
  93  8:18  Supply Depot  
  101  8:40  SCV x2, Battlecruiser  
  109  8:46  Missile Turret x2  
  109  8:48  Missile Turret  
  109  8:49  SCV  
  109  8:50  Hellion x2  
  109  8:51  Siege Tank  
  117  9:09  Terran Vehicle Weapons Level 1  
  117  9:10  Terran Vehicle And Ship Armor Level 1  
  117  9:15  Supply Depot x2  
  117  9:18  SCV x3, Hellion x2  
  117  9:22  Cyclone  
  117  9:23  Mag-Field Accelerator  
  123  9:27  Cyclone, Factory  
  123  9:30  SCV x3, Factory  
  129  9:35  Missile Turret  
  129  9:39  Hellion x2  
  129  9:40  Missile Turret  
  129  9:42  SCV x2  
  129  9:43  SCV  
  124  9:54  SCV x2  
  124  9:57  Siege Tank  
  124  9:59  Siege Tank  
  109  10:01  Hellion, SCV  
  109  10:06  SCV  
  108  10:12  Orbital Command  
  108  10:14  Hellion  
  86  10:29  Hellion  
  86  10:32  Hellion, SCV  
  90  10:42  SCV x2  
  94  10:47  Missile Turret  
  94  10:48  Missile Turret  
Tags
 
Add a new tag
Caveats
  • Supply blocks, unpowered buildings, or Contaminate may cause inaccurate times.
  • Supply counts are checked every 10 seconds.